 Dungeon Sprint DCSS version 0.27.1-33-g824d729ab1 (webtiles) character file.

Game seed: 15199523570502599228

2189 McKennaii the Zephyrmancer (level 8, -4/57 HPs)
             Began as a Demigod Air Elementalist on Dec 3, 2021.
             Slain by a hornet (7 damage)
             ... in the Dungeon (Sprint II: "The Violet Keep of Menkaure").
             The game lasted 00:08:55 (1614 turns).

McKennaii the Zephyrmancer (DgAE)                   Turns: 1614, Time: 00:08:55

Health: -4/57      AC:  4    Str:  6    XL:     8   Next: 87%
Magic:  19/26      EV: 12    Int: 25    God:
Gold:   128        SH:  0    Dex: 14    Spells: 17/27 levels left

rFire    . . .     SeeInvis +   b - +2 spear (venom)
rCold    x . .     Faith    .   (no shield)
rNeg     + . .     Spirit   .   a - +0 robe
rPois    .         Reflect  .   (no helmet)
rElec    +         Harm     .   c - +1 cloak "Kuism" {rC- Will++ rCorr Str-3 SInv}
rCorr    +         Rampage  .   (no gloves)
Will     ++...     NoTele   +   (no boots)
Stlth    ++........             (no amulet)
HPRegen  0.19/turn              f - ring of Xom's Full Attention {Wiz rElec rN+}
MPRegen  0.20/turn              (no ring)

@: lethally poisoned (-4 -> -6), slowed, very slow
A: high mp 1, forlorn
a: no special abilities


You were in the Dungeon.
You visited 1 branch You collected 972 gold pieces.
You spent 844 gold pieces at shops.

Inventory:

Hand Weapons
 b - a +2 spear of venom (weapon)
Armour
 a - a +0 robe (worn)
 c - the +1 cloak "Kuism" (worn) {rC- Will++ rCorr Str-3 SInv}
   (You bought it in a shop in the Dungeon)

   Str:       It affects your strength (-3).
   rC:        It makes you vulnerable to cold.
   SInv:      It lets you see invisible.
   rCorr:     It protects you from acid and corrosion.
   Will:      It greatly increases your willpower.
Jewellery
 f - the ring of Xom's Full Attention (left hand) {Wiz rElec rN+}
   (You bought it in a shop in the Dungeon)

   [ring of wizardry]

   It improves your spell success rate.
   rElec:     It insulates you from electricity.
   rN:        It protects you from negative energy.
Scrolls
 g - a scroll of blinking
Potions
 d - a potion of haste
 e - 2 potions of magic


   Skills:
 - Level 1.7 Dodging
 - Level 1.7 Stealth
 + Level 10.3 Spellcasting
 + Level 11.0 Conjurations
 + Level 11.2 Air Magic


You had 17 spell levels left.
You knew the following spells:

 Your Spells              Type           Power      Damage    Failure   Level
a - Shock                 Conj/Air       100%       1d9       1%          1
b - Static Discharge      Conj/Air       62%        N/A       1%          2
c - Airstrike             Air            31%        N/A       1%          4
d - Swiftness             Air            62%        N/A       1%          3

Your spell library contained the following spells:

 Spells                   Type           Power      Damage    Failure   Level


Dungeon Overview and Level Annotations

Branches:
Dungeon (1/1)

Shops:
D [?:!??(:([[===!

Annotations:
D exclusion: oklob plant


Innate Abilities, Weirdness & Mutations

Your attributes grow dramatically as you level up.
You have an increased reservoir of magic. (+10% MP)
You shall have no god before yourself.


Message History

Confirm with . or Enter, or press ? or * to list all spells.
The hornet is struck by an arc of lightning!
The hornet is heavily wounded.
You resist.
You are struck by an arc of lightning.
The lightning grounds out.
The hornet stings you!
You are poisoned.
You feel yourself slow down. The hornet stings you.
You suddenly lose the ability to move!
You feel very sick. The hornet stings you.
You feel as though you will be slow longer.
You can move again.
Casting: Static Discharge (safe; 1% risk of failure)
Confirm with . or Enter, or press ? or * to list all spells.
The hornet is struck by an arc of lightning!
The hornet is severely wounded.
The lightning grounds out.
You feel very sick. The hornet stings you!
You feel as though you will be slow longer.
The hornet barely misses you. The hornet stings you!
* * * LOW HITPOINT WARNING * * *
You feel as though you will be slow longer.
Unknown command.
Okay, then.
Found 19 gold pieces and a sapphire ring.
* * * LOW HITPOINT WARNING * * *
You feel sick. The hornet stings you.
* * * LOW HITPOINT WARNING * * *
You feel as though you will be slow longer.
Casting: Static Discharge (safe; 1% risk of failure)
Confirm with . or Enter, or press ? or * to list all spells.
Aiming: Airstrike (safe; 1% risk of failure)
Press: ? - help, Dir - move target, f - hornet
Aim: a hornet (severely wounded)
The air twists around and strikes the hornet!
The hornet is almost dead.
* * * LOW HITPOINT WARNING * * *
You feel sick. The hornet closely misses you. The hornet stings you!
You die...

.####..## #..# .# ?)?
###.##..# +..# .#▓[)[)$
##..##..# #..# .#▓!!)$=
.'##.'..### ..##.#▓)(!($
##..##....###...##▓▓▓▓▓▓
###.##..§...≈≈hc≈≈≈≈≈≈≈≈
.####§≈.....≈#h########+
..#≈≈≈≈≈≈§..≈#hy_._._.#§
.##≈≈≈§≈≈§≈.≈#._@_._..#§
##≈≈≈≈≈≈§§§≈≈#_._._._.#§
≈≈≈≈≈≈§≈≈§≈≈§#._._._._#§
+++#≈§§≈≈≈≈≈≈#.._._._.#§
zz ##≈§≈###≈§#..._._._#§
z°.°##≈≈# #≈≈#...._._.#≈
°°≈≈.+≈≈# #≈§#....._._#§
°○§°##≈§≈≈≈≈≈##########§
°°§## ##


You could see 3 polar bears, a yaktaur and a hornet.

Vanquished Creatures
  2 boulder beetles (D)
  A merfolk siren (D)
  A vampire mosquito (D)
  2 water moccasins (D)
  4 scorpions (D)
  3 worms (D)
13 creatures vanquished.

Vanquished Creatures (others)
  Menkaure (D)
1 creature vanquished.

Grand Total: 14 creatures vanquished

Notes
Turn   | Place    | Note
-------+----------+-------------------------------------------
     0 | D        | McKennaii the Demigod Air Elementalist began the quest for
                  | the Orb.
     0 | D        | Reached XP level 1. HP: 14/14 MP: 5/5
     7 | D        | Reached skill level 1 in Conjurations
    17 | D        | Killed Menkaure
   135 | D        | Noticed an obsidian statue
   140 | D        | Reached XP level 2. HP: 20/20 MP: 4/8
   175 | D        | Noticed a merfolk siren
   190 | D        | Killed a merfolk siren
   191 | D        | Reached XP level 3. HP: 26/26 MP: 0/14
   191 | D        | Reached XP level 4. HP: 33/33 MP: 0/15
   191 | D        | Reached XP level 5. HP: 38/38 MP: 0/17
   191 | D        | Reached XP level 6. HP: 45/45 MP: 0/19
   229 | D        | Noticed a water moccasin
   234 | D        | Killed a water moccasin
   394 | D        | Learned a level 2 spell: Static Discharge
   399 | D        | Learned a level 4 spell: Airstrike
   403 | D        | Learned a level 3 spell: Swiftness
   410 | D        | Found Amiobuuc's Jewellery Shop.
   410 | D        | Found Wextia's Antique Armour Boutique.
   410 | D        | Found Jit Vame's Distillery.
   410 | D        | Found Kisel's Antique Armour Boutique.
   410 | D        | Found Molufyom's Jewellery Boutique.
   411 | D        | Found Kiceutar's Antique Weapon Boutique.
   411 | D        | Found Rehu's Book Shop.
   411 | D        | Found Egor's Jewellery Boutique.
   412 | D        | Found Afof's Antique Weapon Shop.
   412 | D        | Found Nuqysh's Magic Scroll Boutique.
   413 | D        | Noticed a hell hog
   413 | D        | Noticed a hell hog
   414 | D        | Found Osifocwy's Magic Scroll Boutique.
   414 | D        | Found Nunuacimae's Distillery.
   414 | D        | Noticed a water moccasin
   414 | D        | Noticed an oklob plant
   414 | D        | Noticed a water moccasin
   415 | D        | Noticed a water moccasin
   416 | D        | Found Gykhlif's Book Shoppe.
   416 | D        | Found Qutz's Magic Scroll Shop.
   416 | D        | Found Comnakim's Armour Boutique.
   416 | D        | Noticed a water moccasin
   422 | D        | Killed a water moccasin
   446 | D        | Bought a masterwork cloak for 266 gold pieces
   446 | D        | Identified the +1 cloak "Kuism" {rC- Will++ rCorr Str-3
                  | SInv} (You bought it in a shop in the Dungeon)
   510 | D        | Noticed a flying skull
   511 | D        | Noticed a vampire mosquito
   512 | D        | Noticed a flying skull
   513 | D        | Noticed a flying skull
   515 | D        | Killed a vampire mosquito
   515 | D        | Noticed a flying skull
   525 | D        | Noticed a flying skull
   527 | D        | Noticed a flying skull
   532 | D        | Noticed a flying skull
   533 | D        | Noticed a flying skull
   539 | D        | Noticed a flying skull
   540 | D        | Noticed a flying skull
   542 | D        | Noticed a flying skull
   566 | D        | Noticed a flying skull
   621 | D        | Reached XP level 7. HP: 48/50 MP: 15/22
   801 | D        | Noticed a boulder beetle
   801 | D        | Noticed a boulder beetle
  1072 | D        | Killed a boulder beetle
  1073 | D        | Reached skill level 10 in Conjurations
  1073 | D        | Reached skill level 10 in Air Magic
  1073 | D        | Reached XP level 8. HP: 15/57 MP: 4/25
  1366 | D        | Killed a boulder beetle
  1367 | D        | Reached skill level 10 in Spellcasting
  1398 | D        | Bought the ring of Xom's Full Attention {Wiz rElec rN+} for
                  | 578 gold pieces
  1565 | D        | Noticed a polar bear
  1566 | D        | Noticed a polar bear
  1566 | D        | Noticed a polar bear
  1566 | D        | Noticed a hornet
  1567 | D        | Noticed a yaktaur
  1610 | D        | Paralysed by a hornet for 2 turns
  1614 | D        | Slain by a hornet

Illustrated notes

Levels and vault maps discovered:
D:        the_violet_keep_of_menkaure [sprint2_stairs_cluster_1,
          sprint2_shoproom, sprint2_temple, sprint2_basic_supplies,
          sprint2_obstacle_1, sprint2_obstacle_4, sprint2_obstacle_3,
          sprint2_obstacle_5, sprint2_obstacle_6, sprint2_timed_cluster_1,
          sprint2_smallroom_cluster_1, sprint2_smallroom_final_cluster_1,
          sprint2_transparent_cluster_1, sprint2_second_timed_cluster_1,
          sprint2_sniper_area_1, sprint2_heavy_combat_area_1,
          sprint2_mutation_trap_area_1, sprint2_forest_area_1,
          sprint2_light_combat_area_1, sprint2_behind_water_1,
          sprint2_near_end_vault_1]

Skill      XL: |  1  2  3  4  5  6  7  8 |
---------------+-------------------------+-----
Spellcasting   | 2 6 8 9 10 | 10.3
Conjurations   | 2 7 8 10 11 | 11.0
Air Magic      | 3 7 9 10 11 | 11.2
Dodging        | |  1.7
Stealth        | |  1.7

Action                   |  1- 3 |  4- 6 |  7- 9 || total
-------------------------+-------+-------+-------++-------
Melee: Unarmed           |     4 |       |       ||     4
       Spear             |       |     4 |    15 ||    19
 Cast: Shock             |    22 |     7 |       ||    29
       Airstrike         |       |     5 |    18 ||    23
       Static Discharge  |       |     1 |     3 ||     4
  Use: Potion            |     2 |       |     1 ||     3
Armor: Robe              |       |     2 |     4 ||     6
Dodge: Dodged            |     8 |     5 |    15 ||    28
